 Seeded DCSS version 0.28.0-1-gb440e238dd (webtiles) character file.

Game seed: 10844669733645250963 (custom seed)

16260 hikkokomori the Quickloader (level 12, 0/98 HPs)
             Began as a Formicid Hunter on Feb 25, 2022.
             Was a High Priest of Okawaru.
             Slain by a five-headed hydra (7 damage)
             ... on level 2 of the Lair of Beasts.
             The game lasted 00:41:39 (13397 turns).

hikkokomori the Quickloader (Formicid Hunter)      Turns: 13397, Time: 00:41:40

Health: 0/98       AC: 11    Str: 26    XL:     12   Next: 67%
Magic:  17/17      EV: 10    Int: 12    God:    Okawaru [*****.]
Gold:   879        SH: 21    Dex: 11    Spells: 10/11 levels left

rFire   + . .      SeeInvis +   o - +9 heavy crossbow "Sniper" {vorpal, Acc+∞ SInv}
rCold   + . .      Faith    .   L - +3 tower shield of Calculation {Str+5}
rNeg    . . .      Spirit   .   i - +2 ring mail {rC+}
rPois   .          Reflect  +   (helmet unavailable)
rElec   .          Harm     .   S - +0 cloak
rCorr   .          Rampage  .   e - +0 pair of gloves
Will    ++...                   k - +0 pair of boots
Stlth   +++.......              C - amulet of reflection
HPRegen 0.26/turn               f - ring of willpower
MPRegen 0.15/turn               u - ring of protection from fire

@: no status effects
A: permanent stasis, dig shafts and tunnels, antennae 3, four strong arms
a: Dig, Shaft Self, Renounce Religion, Heroism, Finesse, Duel


You were on level 2 of the Lair of Beasts.
You worshipped Okawaru.
Okawaru was extremely pleased with you.
You visited 3 branches of the dungeon, and saw 13 of its levels.
You also visited: Volcano.

You collected 879 gold pieces.

Inventory:

Hand Weapons
 o - the +9 heavy crossbow "Sniper" (weapon) {vorpal, Acc+∞ SInv}
   (You found it on level 2 of the Dungeon)

   Any ammunition fired from it inflicts extra damage upon your enemies.
   Any ammunition fired from it never misses its target.
   SInv:      It lets you see invisible.
 P - the +4 hand axe of Ihymeg {flame, Will++ Int-4 Dex+10}
   (You found it on level 8 of the Dungeon)

   It burns those it strikes, dealing additional fire damage.
   Big, fiery blades are also staple armaments of hydra-hunters.
   Int:       It affects your intelligence (-4).
   Dex:       It affects your dexterity (+10).
   Will:      It greatly increases your willpower.
 T - a +2 great mace of flaming
 U - the +11 quarterstaff of Niowk {antimagic, *Corrode rN+ Str+6 SInv}
   (You found it on level 1 of the Lair of Beasts)

   It reduces the magical energy of the wielder, and disrupts the spells and
   magical abilities of those it strikes.
   Natural abilities and divine invocations are not affected.
   Str:       It affects your strength (+6).
   rN:        It protects you from negative energy.
   SInv:      It lets you see invisible.
   *Corrode:  It may corrode you when you take damage.
 X - a +4 scimitar of flaming
Missiles
 d - 88 bolts (quivered ammo)
 j - 28 poisoned darts
 V - a throwing net
Armour
 e - a +0 pair of gloves (worn)
 i - a +2 ring mail of cold resistance (worn)
 k - a +0 pair of boots (worn)
 v - a +0 plate armour
 w - an orb of energy
 J - +0 swamp dragon scales
 L - the +3 tower shield of Calculation (worn) {Str+5}
   (Okawaru gifted it to you in a volcano)

   Str:       It affects your strength (+5).
 O - a +0 buckler
 S - a +0 cloak (worn)
Jewellery
 f - a ring of willpower (left hand)
 p - a ring of positive energy
 u - a ring of protection from fire (right hand)
 z - a ring of magical power
 C - an amulet of reflection (around neck)
Wands
 G - a wand of flame (24)
 K - a wand of iceblast (7)
 R - a wand of acid (2)
Scrolls
 g - 2 scrolls of immolation
 m - a scroll of summoning
 n - 4 scrolls of enchant weapon
 q - 2 scrolls of torment
 r - 6 scrolls of teleportation
 y - 3 scrolls of brand weapon {unknown}
 B - 2 scrolls of amnesia {unknown}
 F - a scroll of enchant armour {unknown}
 M - a scroll of fog {unknown}
 N - a scroll of holy word {unknown}
 Q - a scroll of vulnerability {unknown}
Potions
 a - a potion of brilliance
 b - 2 potions of lignification
 c - 2 potions of haste
 h - 3 potions of curing
 l - 2 potions of flight
 s - 6 potions of mutation
 t - 3 potions of attraction
 x - 2 potions of magic
 A - 9 potions of degeneration
 D - 3 potions of might
 H - 3 potions of invisibility


   Skills:
 + Level 10.5 Fighting
 + Level 12.3 Crossbows
 - Level 5.3 Armour
 - Level 5.0 Dodging
 - Level 8.0 Stealth
 + Level 6.5 Shields
 - Level 3.0 Translocations
 - Level 7.5 Invocations


You had 10 spell levels left.
You knew the following spells:

 Your Spells              Type           Power      Damage    Failure   Level
a - Apportation           Tloc           14%        N/A       58%         1

Your spell library contained the following spells:

 Spells                   Type           Power      Damage    Failure   Level
 Static Discharge         Conj/Air       0%         N/A       98%         2
 Ignite Poison            Fire/Tmut/Pois 0%         N/A       100%        3
 Mephitic Cloud           Conj/Pois/Air  0%         N/A       100%        3
 Dispel Undead            Necr           0%         3d6       100%        4
 Sticky Flame             Conj/Fire      0%         2d3       100%        4
 Alistair's Intoxication  Tmut/Pois      0%         N/A       100%        5
 Fireball                 Conj/Fire      0%         3d3       100%        5
 Freezing Cloud           Conj/Ice/Air   0%         6-21      100%        5
 Iskenderun's Battlesphe  Conj           0%         2d6       100%        5
 Conjure Ball Lightning   Conj/Air       0%         3x3d6     100%        6
 Orb of Destruction       Conj           0%         9d5       100%        7


Dungeon Overview and Level Annotations

Branches:
Dungeon (10/15)            Temple (1/1) D:7            Lair (2/6) D:10
 Spider (0/4) Lair:2          Orc (0/2) D:10        Volcano (visited)
  Swamp: Lair:2-4    Shoals: Lair:2-4

Altars:
Ashenzari
Cheibriados
Dithmenos
Elyvilon
Fedhas
Gozag
Hepliaklqana
Kikubaaqudgha
Makhleb
Nemelex Xobeh
Okawaru
Qazlal
Ru
Sif Muna
Trog
Uskayaw
Vehumet
Wu Jian
Xom
Yredelemnul
Zin
The Shining One

Annotations:
D:10 1 transporter, pkoi's ghost, journeyman DrMo


Innate Abilities, Weirdness & Mutations

You cannot be hasted, slowed, berserked, paralysed or teleported.
You can dig through walls and to a lower floor.
You have a pair of large antennae on your head. (SInv)
Your four strong arms can wield two-handed weapons with a shield.


Message History

You shoot a bolt. The bolt hits the water moccasin!
The water moccasin is severely wounded.
You block the water moccasin's attack. The five-headed hydra bites you.
The five-headed hydra barely misses you.
You block the five-headed hydra's attack.
The five-headed hydra bites you!
You block the five-headed hydra's attack.
Unknown command.
Fire: 90 bolts
Press: ? - help, Q - select action, (/) - cycle Shift-Dir - straight line, f/p - five-headed hydra
Aim: a five-headed hydra (moderately wounded, 100% to hit)
You shoot a bolt. The bolt hits the five-headed hydra!
The five-headed hydra is severely wounded.
You block the five-headed hydra's attack. x3
The five-headed hydra bites you!
You block the five-headed hydra's attack.
The five-headed hydra bites you but does no damage.
The five-headed hydra barely misses you.
The five-headed hydra bites you! x2; The five-headed hydra bites you. x2
The five-headed hydra bites you!
The five-headed hydra bites you but does no damage.
The five-headed hydra bites you.
The five-headed hydra bites you but does no damage.
Fire: 89 bolts
Press: ? - help, Q - select action, (/) - cycle Shift-Dir - straight line, f/p - five-headed hydra
Aim: a five-headed hydra (heavily wounded, 100% to hit)
You shoot a bolt. The bolt hits the five-headed hydra!!
The five-headed hydra is almost dead.
The five-headed hydra bites you!
* * * LOW HITPOINT WARNING * * *
The five-headed hydra bites you but does no damage.
You block the five-headed hydra's attack. x2
The five-headed hydra bites you but does no damage.
The five-headed hydra bites you!
* * * LOW HITPOINT WARNING * * *
You block the five-headed hydra's attack.
The five-headed hydra bites you!
* * * LOW HITPOINT WARNING * * *
The five-headed hydra bites you!
You die...

#............# ###
#............###..
##................>
#.#######..........
### #.####...###..#
#.####.##.P..######
##...........P#
#P.......)....#
##@..........##
#D#####P#...# .
##S.# ####.[.. ..
#...# ........
#......... ........
##........ ..#P.###
#..(..... #
#...#.#.# ###......


You could see a five-headed hydra and a water moccasin.

Vanquished Creatures
  A red draconian (Volcano)
  3 hydras
  A boulder beetle (D:8)
  An ogre mage (Volcano)
  Erica (Lair:1)
  4 two-headed ogres
  2 cane toads (Lair:1)
  An elephant (D:10)
  5 centaur zombies
  Maggie (D:7)
  4 komodo dragons
  A rime drake (Lair:2)
  A hornet (D:7)
  Sigmund (D:3)
  11 yaks
  2 basilisks
  A steam dragon (Lair:2)
  6 water moccasins
  2 ice beasts
  A swamp drake (D:10)
  3 orc warriors
  A black bear (D:10)
  2 ogres
  3 wolves (Lair:2)
  2 centaurs
  3 kobold brigands
  9 bullfrogs
  A scorpion (D:6)
  3 wights
  A howler monkey (D:9)
  2 bullfrog zombies (D:6)
  3 hounds
  5 orc priests
  A centaur skeleton (D:3)
  An iguana (D:6)
  8 orc wizards
  2 killer bee zombies
  Robin (D:2)
  3 adders
  4 ufetubi
  4 worms
  2 dart slugs
  29 orcs
  13 bats
  12 endoplasms
  5 giant cockroaches
  18 goblins
  8 hobgoblins
  2 quokkas (D:1)
  9 ball pythons
  3 frilled lizards (D:1)
  23 kobolds
  7 rats
  A spectral orc (D:10)
  A butterfly (D:7)
  A toadstool (D:8)
246 creatures vanquished.

Vanquished Creatures (others)
  An orc wizard (D:10)
  9 fungi
  20 plants
  5 toadstools (D:8)
35 creatures vanquished.

Grand Total: 281 creatures vanquished

Notes
Turn   | Place    | Note
-------+----------+-------------------------------------------
     0 | D:1      | hikkokomori the Formicid Hunter began the quest for the
                  | Orb.
     0 | D:1      | Reached XP level 1. HP: 16/16 MP: 1/1
   303 | D:1      | Reached XP level 2. HP: 12/23 MP: 2/2
  1092 | D:1      | Reached XP level 3. HP: 18/29 MP: 3/3
  1715 | D:1      | Found a faded altar of an unknown god.
  2344 | D:1      | Reached XP level 4. HP: 13/35 MP: 4/4
  3185 | D:2      | Found the +9 heavy crossbow "Sniper" {vorpal, Acc+∞ SInv}
  3471 | D:2      | Noticed Robin
  3474 | D:2      | Killed Robin
  3475 | D:2      | Reached skill level 5 in Crossbows
  3477 | D:2      | Reached XP level 5. HP: 38/42 MP: 5/5
  4350 | D:3      | Noticed Sigmund
  4364 | D:3      | Killed Sigmund
  4365 | D:3      | Reached skill level 5 in Fighting
  4365 | D:3      | Reached XP level 6. HP: 43/51 MP: 6/6
  4624 | D:4      | Noticed an ogre
  4628 | D:4      | Killed an ogre
  4629 | D:4      | Reached skill level 6 in Crossbows
  4629 | D:4      | Reached XP level 7. HP: 56/56 MP: 7/7
  4870 | D:4      | You fall into a shaft and drop 2 floors!
  4871 | D:6      | Noticed a water moccasin
  4872 | D:6      | Killed a water moccasin
  4947 | D:5      | Entered Level 5 of the Dungeon
  5874 | D:5      | Reached skill level 5 in Stealth
  5874 | D:5      | Reached XP level 8. HP: 64/64 MP: 8/8
  6230 | D:6      | Reached skill level 7 in Crossbows
  6345 | D:7      | Found a staircase to the Ecumenical Temple.
  6359 | Temple   | Entered the Ecumenical Temple
  6572 | Temple   | Became a worshipper of Warmaster Okawaru
  6969 | D:7      | Noticed Maggie
  6972 | D:7      | Killed Maggie
  6972 | D:7      | Reached * piety under Okawaru
  6973 | D:7      | Reached XP level 9. HP: 54/73 MP: 9/9
  7320 | D:7      | Noticed a hornet
  7335 | D:7      | Killed a hornet
  7336 | D:7      | Reached skill level 8 in Crossbows
  7981 | D:6      | Reached skill level 1 in Armour
  8303 | D:8      | Noticed a two-headed ogre
  8307 | D:8      | Killed a two-headed ogre
  8307 | D:8      | Reached ** piety under Okawaru
  8308 | D:8      | Reached XP level 10. HP: 80/80 MP: 10/10
  8367 | D:8      | Identified the +4 hand axe of Ihymeg {flame, Will++ Int-4
                  | Dex+10}
  8465 | D:8      | Reached skill level 9 in Crossbows
  8750 | D:8      | Noticed a four-headed hydra
  8753 | D:8      | Killed a four-headed hydra
  8753 | D:8      | Reached *** piety under Okawaru
  8790 | D:8      | Noticed a boulder beetle
  8794 | D:8      | Killed a boulder beetle
  8794 | D:8      | Reached **** piety under Okawaru
  8795 | D:8      | Reached skill level 5 in Armour
  8937 | D:9      | Reached skill level 5 in Dodging
  9174 | D:9      | Reached skill level 1 in Shields
  9178 | D:9      | Received a gift from Okawaru
  9179 | D:9      | Reached skill level 10 in Crossbows
  9338 | D:9      | Reached skill level 1 in Invocations
  9839 | D:9      | Learned a level 1 spell: Apportation
  9856 | D:10     | Entered Level 10 of the Dungeon
  9913 | D:10     | Noticed an elephant
  9920 | D:10     | Reached XP level 11. HP: 68/86 MP: 12/12
  9922 | D:10     | Killed an elephant
  9923 | D:10     | Reached skill level 1 in Translocations
  9926 | D:10     | Found a staircase to the Lair.
  9968 | D:10     | Noticed pkoi's ghost (journeyman DrMo)
  9969 | D:10     | Found a transporter.
  9973 | D:10     | Noticed a two-headed ogre
 10106 | D:10     | Noticed a two-headed ogre
 10304 | D:10     | Reached ***** piety under Okawaru
 10312 | D:10     | Reached skill level 5 in Shields
 10364 | D:10     | Found a staircase to the Orcish Mines.
 10405 | D:10     | Received a gift from Okawaru
 10618 | D:10     | Found a basalt altar of Yredelemnul.
 10771 | Lair:1   | Entered Level 1 of the Lair of Beasts
 10838 | Lair:1   | Found a dark tunnel.
 10846 | Volcano  | Entered a volcano
 10863 | Volcano  | Noticed an ogre mage
 10867 | Volcano  | Killed an ogre mage
 10869 | Volcano  | Found a radiant altar of Vehumet.
 10872 | Volcano  | Noticed a two-headed ogre
 10874 | Volcano  | Killed a two-headed ogre
 10874 | Volcano  | Identified the +3 tower shield of Calculation {Str+5}
                  | (Okawaru gifted it to you in a volcano)
 10874 | Volcano  | Received a gift from Okawaru
 10874 | Volcano  | Noticed a two-headed ogre
 10875 | Volcano  | Reached skill level 11 in Crossbows
 10875 | Volcano  | Reached skill level 5 in Invocations
 10875 | Volcano  | Noticed a two-headed ogre
 10877 | Volcano  | Killed a two-headed ogre
 10877 | Volcano  | Noticed a red draconian
 10885 | Volcano  | Killed a two-headed ogre
 10917 | Volcano  | Killed a red draconian
 10918 | Volcano  | Reached XP level 12. HP: 17/95 MP: 16/16
 11275 | Volcano  | Noticed a two-headed ogre
 11278 | Volcano  | Noticed a two-headed ogre
 11280 | Volcano  | Noticed a two-headed ogre
 11557 | Lair:1   | Noticed an eight-headed hydra
 11561 | Lair:1   | Killed an eight-headed hydra
 11581 | Lair:1   | Noticed a four-headed hydra
 11588 | Lair:1   | Killed a four-headed hydra
 11617 | Lair:1   | Identified the +11 quarterstaff of Niowk {antimagic,
                  | *Corrode rN+ Str+6 SInv}
 11695 | Lair:1   | Identified the +1 helmet of the Hanged Man {Dex+3}
 11798 | Lair:1   | Reached skill level 10 in Fighting
 11801 | Lair:1   | Reached skill level 12 in Crossbows
 12490 | Lair:2   | Noticed Erica
 12498 | Lair:1   | Killed Erica
 13288 | Lair:2   | Found a hole to the Spider Nest.
 13389 | Lair:2   | Noticed a five-headed hydra
 13397 | Lair:2   | Slain by a five-headed hydra

Illustrated notes

Levels and vault maps discovered:
D:1:      dpeg_arrival_arbitrary_c, layout_basic,
          dreamdust_ecumenical_altar_grove
D:2:      layout_basic, uniq_robin
D:3:      wad_woods_pond, layout_rooms, roderic_batcave, uniq_sigmund
D:4:      nicolae_cairo_tiling_large, layout_loops_corners
D:5:      layout_rooms, grunt_decor_arrowhead
D:6:      layout_basic
D:7:      layout_loops_ring, minmay_temple_entry_butterflies,
          serial_co_window_serial, co_window_paths_a, co_window_paths_a,
          co_window_corner_a, co_window_paths_a, co_window_cross_1,
          co_window_corner_a, co_window_corner_b, co_window_broadway_c,
          co_window_broadway_a, co_window_broadway_a,
          co_window_of_opportunity_b, co_window_corner_b, co_window_paths_d,
          glass_columns_a, glass_columns_c, glass_columns_b, glass_columns_a,
          minmay_misc_feat_square, kennysheep_nondescript, uniq_maggie
D:8:      layout_loops_cross, minmay_gold_behind_fungi
D:9:      layout_basic
D:10:     layout_irregular_city, yredelemnul_forgotten_temple_becter,
          david_lair_generic, erik_orc_1, gammafunk_ghost_smash
Temple:   mainiacjoe_temple_archimedes_tessellation
Lair:1:   layout_gridlike, nicolae_volcano_entry_hallway
Lair:2:   layout_small_grid, palyth_hydra_swamp_entry,
          spider_nest_entry_web_field, st_stairs_4, serial_bayou_shore_a,
          grunt_megastairs_3, lemuel_fruit_tree, uniq_erica

Skill      XL: |  1  2  3  4  5  6  7  8  9 10 11 12 |
---------------+-------------------------------------+-----
Fighting       | 3 4 5 6 7 8 9 10 | 10.5
Crossbows      | 5 6 7 8 10 11 12 | 12.3
Stealth        | 3 5 7 8 |  8.0
Dodging        | 3 5 |  5.0
Armour         | 3 5 |  5.3
Shields        | 3 5 6 |  6.5
Invocations    | 1 6 7 |  7.5
Translocations | 3 |  3.0

Action                   |  1- 3 |  4- 6 |  7- 9 | 10-12 || total
-------------------------+-------+-------+-------+-------++-------
Melee: Short sword       |   187 |   149 |    28 |       ||   364
       Punch             |     1 |     1 |     1 |       ||     3
       Halberd           |       |       |     1 |    16 ||    17
       Hand axe          |       |       |       |    34 ||    34
       Great mace        |       |       |       |    39 ||    39
       Quarterstaff      |       |       |       |    16 ||    16
 Fire: Heavy crossbow    |       |    24 |    60 |   157 ||   241
       Hand crossbow     |       |     1 |       |       ||     1
Throw: Dart              |     3 |       |       |       ||     3
Invok: Heroism           |       |       |       |     1 ||     1
  Use: Potion            |     1 |       |       |     7 ||     8
       Scroll            |       |     8 |       |    10 ||    18
 Stab: Sleeping          |     3 |       |     1 |       ||     4
Armor: Leather armour    |    53 |       |       |       ||    53
       Ring mail         |    26 |   104 |    28 |    80 ||   238
Dodge: Dodged            |   138 |   125 |    36 |   108 ||   407
Block: Other             |       |       |       |    24 ||    24
       Reflection        |       |       |       |     3 ||     3
       Buckler           |       |       |       |    17 ||    17
       Tower shield      |       |       |       |    68 ||    68
